 Dungeon Crawl Stone Soup version 0.10.2-40-g36e0077 character file.

234 Desya the Magician (level 4, 0/28 HPs)
             Began as a Mummy Wizard on Aug 6, 2012.
             Slain by an orc
             ... wielding a -1,+0 orcish flail
              (8 damage)
             ... on Level 4 of the Dungeon.
             The game lasted 00:32:10 (3592 turns).

Desya the Magician (Mummy Wizard)                   Turns: 3592, Time: 00:32:10

HP   0/28        AC  2     Str 10      XL: 4   Next: 22%
MP   3/11        EV 12     Int 18      God:
Gold 152         SH  0     Dex 10      Spells:  4 memorised,  2 levels left

Res.Fire  : x . .   See Invis. : .   e - +1 orc club
Res.Cold  : + + +   Warding    : . . a - +0 robe
Life Prot.: + + +   Conserve   : .   (no shield)
Res.Acid. : . . .   Res.Corr.  : .   b - +0 wizard hat
Res.Poison: +       Clarity    : .   (no cloak)
Res.Elec. : .       Spirit.Shd : .   (no gloves)
Sust.Abil.: . .     Stasis     : .   (no boots)
Res.Mut.  : .       Ctrl.Telep.: .   (no amulet)
Res.Rott. : +       Levitation : .   o - ring of protection from cold
Saprovore : . . .   Ctrl.Flight: .   j - ring of protection from cold

@: very slightly contaminated, slightly resistant to hostile enchantments,
unstealthy
A: no food or potions, fire vulnerability, restore body, cold resistance 1, life
protection 3, poison resistance, torment resistance, unbreathing
a: no special abilities


You were on level 4 of the Dungeon.
You were not hungry.

You visited 1 branch of the dungeon, and saw 4 of its levels.

You collected 132 gold pieces.

Inventory:

Hand weapons
 e - a +1,+1 orcish club (weapon)
Armour
 a - a +0 robe (worn)
 b - a +0 wizard hat (worn)
 h - a +0 pair of gloves
Scrolls
 f - a scroll of teleportation
 i - a scroll of remove curse {unknown}
 l - a scroll of detect curse {unknown}
 m - a scroll of curse weapon {unknown}
 n - a scroll of fog
Jewellery
 d - an uncursed amulet of guardian spirit
 j - a ring of protection from cold (left hand)
 o - a ring of protection from cold (right hand)
Books
 c - a book of Minor Magic

   Spells                             Type                      Level
   *Magic Dart                        Conjuration                  1
   *Blink                             Translocation                2
   Call Imp                           Summoning                    2
   *Repel Missiles                    Charms/Air                   2
   Slow                               Hexes                        2
   Conjure Flame                      Conjuration/Fire             3
   *Mephitic Cloud                    Conjuration/Poison/Air       3


   Skills:
 - Level 1.0 Fighting
 + Level 2.3 Dodging
 - Level 1.5 Stealth
 * Level 3.7 Spellcasting
 * Level 2.6 Conjurations
 * Level 1.0 Charms
 - Level 0.7 Summonings
 - Level 0.7 Translocations
 * Level 0.5 Air Magic
 * Level 0.5 Poison Magic


You had 2 spell levels left.
You knew the following spells:

 Your Spells              Type           Power        Failure   Level  Hunger
a - Magic Dart            Conj           ###..        6%          1    N/A
b - Mephitic Cloud        Pois/Air/Conj  ##.......    30%         3    N/A
c - Repel Missiles        Air/Chrm       ##........   17%         2    N/A
d - Blink                 Tloc           N/A          17%         2    N/A

Dungeon Overview and Level Annotations

Branches:
Dungeon (4/27)
 Temple: D:4-7

Altars:


Innate Abilities, Weirdness & Mutations

You do not eat or drink.
Your flesh is vulnerable to fire.
Your flesh is cold resistant.
You are immune to negative energy.
Your system is resistant to poisons.
You are immune to unholy pain and torment.
You can survive without breathing.


Message History

The orc hits you with an orcish hammer!
You hit the orc.
The orc is heavily wounded.
The orc closely misses you. The orc hits you with an orcish hammer.
You hit the orc.
The orc is severely wounded.
The orc barely misses you.
You hit the orc.
You kill the orc!
You hit the orc.
The orc is moderately wounded.
The orc hits you with an orcish flail.
* * * LOW HITPOINT WARNING * * *
You closely miss the orc.
The orc is moderately wounded.
The orc closely misses you.
You closely miss the orc.
The orc is moderately wounded.
The orc hits you with an orcish flail!
You die...

####.#.#........))...#.
#.##.#%#.........#..(..
#....#.#...##.......#..
#.####.#.# #.......#..
#....#.# #...#.#.#..
####.#.###....#.#.#.#..
#.......####.#.#.###
###.##### #.#...# #@#
#.##### #o# #....#
####ooo.. ####


You could see an orc.

Vanquished Creatures
  An adder (D:3)
  3 giant geckos
  8 orcs
  2 ball pythons
  4 giant cockroaches
  9 goblins
  6 hobgoblins
  3 jackals (D:3)
  8 kobolds
  6 bats
  A giant newt (D:1)
  5 rats
56 creatures vanquished.

Vanquished Creatures (others)
  A rat (D:3)
  6 toadstools
7 creatures vanquished.

Grand Total: 63 creatures vanquished

Notes
Turn   | Place    | Note
--------------------------------------------------------------
     0 | D:1      | Desya, the Mummy Wizard, began the quest for the Orb.
     0 | D:1      | Reached XP level 1. HP: 11/11 MP: 5/5
   164 | D:1      | Reached skill level 1 in Conjurations
   608 | D:1      | Reached XP level 2. HP: 17/17 MP: 2/7
  1741 | D:2      | Reached skill level 1 in Fighting
  2369 | D:3      | Reached XP level 3. HP: 22/22 MP: 9/9
  2694 | D:3      | Learned a level 3 spell: Mephitic Cloud
  2697 | D:3      | Learned a level 2 spell: Repel Missiles
  3015 | D:3      | Learned a level 2 spell: Blink
  3182 | D:3      | Reached XP level 4. HP: 28/28 MP: 8/11
  3575 | D:4      | Reached skill level 1 in Charms
  3592 | D:4      | Slain by an orc
